 Dungeon Crawl Stone Soup version 0.27-a0-1559-g299f994 (webtiles) character file.

Game seed: 11070807822796406040

1 Meow the Digger (level 1, 6/14 HPs)
             Began as a Ghoul Earth Elementalist on July 15, 2021.
             Quit the game on level 2 of the Dungeon.
             The game lasted 00:00:21 (39 turns).

Meow the Digger (Ghoul Earth Elementalist)            Turns: 39, Time: 00:00:21

Health: 6/14       AC:  2    Str: 11    XL:     1   Next: 20%
Magic:  0/2        EV: 12    Int: 10    God:
Gold:   13         SH:  0    Dex:  9    Spells: 2/3 levels left

rFire    . . .     SeeInvis .   (no weapon)
rCold    + . .     Faith    .   (no shield)
rNeg     + + +     Spirit   .   b - +0 robe
rPois    ∞         Reflect  .   (no helmet)
rElec    .         Harm     .   (no cloak)
rCorr    .         Rampage  .   (no gloves)
Will     .....                  (no boots)
Stlth    ++........             (no amulet)
HPRegen  0.04/turn              (no ring)
MPRegen  0.08/turn              (no ring)

@: no status effects
A: claws 1, cold resistance 1, negative energy resistance 3, inhibited
regeneration, torment resistance 2
a: no special abilities


You were on level 2 of the Dungeon.
You visited 1 branch of the dungeon, and saw 2 of its levels.

You collected 13 gold pieces.

Inventory:

Missiles
 c - 28 stones
Armour
 b - a +0 robe (worn)


   Skills:
 - Level 1.7 Dodging
 - Level 2.1 Stealth
 + Level 1.8 Spellcasting
 - Level 0.8 Transmutations
 + Level 3.3 Earth Magic


You had 2 spell levels left.
You knew the following spells:

 Your Spells              Type           Power      Damage    Failure   Level
a - Sandblast             Erth           14%        2d6       9%          1

Your spell library contained the following spells:

 Spells                   Type           Power      Damage    Failure   Level
 Passwall                 Tmut/Erth      4%         N/A       21%         2
 Stone Arrow              Conj/Erth      8%         3d7       43%         3
 Petrify                  Tmut/Erth      5%         N/A       80%         4


Dungeon Overview and Level Annotations

Branches:
Dungeon (1/15)

Altars:


Innate Abilities, Weirdness & Mutations

You thrive by killing the living.
You are immune to poison.
You have sharp fingernails.
Your flesh is cold resistant. (rC+)
You are immune to negative energy. (rN+++)
You do not regenerate when monsters are visible.
You are immune to unholy pain and torment.


Message History

Found a stone staircase leading down.
You open the door.
Found 13 gold pieces.
There is an open door here.
You now have 13 gold pieces.
A quokka comes into view.
You barely miss the quokka. The quokka bites you. x2
Casting: Sandblast (safe; 9% risk of failure)
Confirm with . or Enter, or press ? or * to list all spells.
Aiming: Sandblast (safe; 9% risk of failure)
Press: ? - help, Shift-Dir - straight line, f - quokka
Aim: a quokka (69% to hit)
The blast of sand hits the quokka but does no damage.
The quokka closely misses you.
Unknown command.
Casting: Sandblast (safe; 9% risk of failure)
Confirm with . or Enter, or press ? or * to list all spells.
Aiming: Sandblast (safe; 9% risk of failure)
Press: ? - help, Shift-Dir - straight line, f/p - quokka
Aim: a quokka (69% to hit)
The blast of sand misses the quokka.
The quokka bites you but does no damage.
Unknown command.
You barely miss the quokka.
The quokka bites you but does no damage.
You closely miss the quokka. The quokka closely misses you.
You scratch the quokka.
The quokka is severely wounded.
The quokka bites you.
The quokka bites you but does no damage.
You closely miss the quokka.
The quokka is severely wounded.
The quokka completely misses you.
You barely miss the quokka.
The quokka is severely wounded.
The quokka barely misses you.
You scratch the quokka.
You kill the quokka!
Unknown command.
Are you sure you want to abandon this character and quit the game? (Confirm with "yes".)

### ..# #.#
##.#### .....
#..##
##..#####...##
.......@.....#
...######...##
##.## #.# #.#
##'## #...#
#.....#
#........


There were no monsters in sight!

Vanquished Creatures
  A quokka (D:2)
1 creature vanquished.

Notes
Turn   | Place    | Note
-------+----------+-------------------------------------------
     0 | D:1      | Meow the Ghoul Earth Elementalist began the quest for the
                  | Orb.
     0 | D:1      | Reached XP level 1. HP: 14/14 MP: 2/2
    14 | D:1      | You fall into a shaft and drop 1 floor!
    39 | D:2      | Quit the game

Illustrated notes

Levels and vault maps discovered:
D:1:      lemuel_arrival_rhombus, layout_basic, minmay_misc_feat_ornament
D:2:      layout_loops_corners, item_on_display_a

Action                   || total
-------------------------++-------
Melee: Unarmed           ||     7
 Cast: Sandblast         ||     2
Armor: Robe              ||     3
Dodge: Dodged            ||     4

Table legend: (Time is in decaauts)
 A = Elapsed time spent in this place.
 B = Non-inter-level travel time spent in this place.
 C = Inter-level travel time spent in this place.
 D = Time resting spent in this place.
 E = Time spent auto-exploring this place.
 F = Levels seen in this place.
 G = Mean time per level.
                   A        B        C        D        E       F      G
               +--------+--------+--------+--------+--------+-----+--------+
         Total |     38 |     38 |      0 |      0 |     14 |   2 |   19.0 |
       Dungeon |     38 |     38 |      0 |      0 |     14 |   2 |   19.0 |
               +--------+--------+--------+--------+--------+-----+--------+

Top non-repeatable levels by time:
     D:2: 24 daAuts
     D:1: 14 daAuts
